Map: Sequencer LE

Players

Neeb - Winner!

  • Race: Protoss Protoss
  • Spawn Location: 1:00

SpeCIaL

  • Race: Terran Terran
  • Spawn Location: 7:00

Event: WCS Jonkoping 2017

VOD

https://youtu.be/20FQu5pXptg

Description

Time

  • Played on: June 19, 2017, 10:26 a.m.
  • Length: 17:25

All games in this series

Show
View Real Time Build Order
Export as new Build Order

Neeb Protoss - Winner!

Build Orders: 1 Gate Expand, Oracle Opening, Phoenix Opening 

Get SALT Encoding   

  12  0:00  Probe (Chrono Boost)  
  13  0:11  Probe (Chrono Boost)  
  14  0:18  Pylon  
  14  0:21  Probe (Chrono Boost)  
  15  0:36  Gateway, Probe (Chrono Boost)  
  16  0:44  Assimilator  
  16  0:47  Probe (Chrono Boost)  
  17  0:51  Assimilator  
  17  0:57  Probe (Chrono Boost)  
  18  1:08  Probe (Chrono Boost)  
  20  1:18  Probe (Chrono Boost)  
  20  1:25  Nexus  
  20  1:36  Cybernetics Core  
  20  1:39  Probe (Chrono Boost)  
  21  1:45  Pylon  
  21  1:49  Probe (Chrono Boost)  
  22  2:00  Probe (Chrono Boost)  
  23  2:12  Mothership Core (Chrono Boost), Warp Gate, Adept  
  27  2:31  Probe (Chrono Boost)  
  27  2:34  Stargate  
  28  2:38  Probe (Chrono Boost)  
  28  2:39  Adept  
  28  2:41  Probe (Chrono Boost)  
  32  2:48  Probe (Chrono Boost)  
  33  2:52  Probe (Chrono Boost)  
  34  2:59  Probe (Chrono Boost)  
  34  3:02  Probe (Chrono Boost)  
  36  3:06  Adept  
  36  3:09  Probe (Chrono Boost)  
  36  3:11  Pylon  
  39  3:13  Probe (Chrono Boost)  
  39  3:16  Oracle (Chrono Boost)  
  39  3:18  Probe  
  44  3:21  Pylon  
  44  3:24  Probe  
  45  3:28  Probe  
  46  3:36  Probe  
  46  3:39  Probe  
  48  3:43  Gateway  
  48  3:45  Gateway  
  50  3:48  Phoenix (Chrono Boost), Probe  
  50  3:50  Probe  
  52  4:00  Probe x2  
  54  4:08  Pylon  
  56  4:10  Phoenix (Chrono Boost)  
  56  4:11  Probe  
  56  4:12  Probe  
  58  4:21  Probe  
  59  4:24  Nexus  
  59  4:26  Pylon  
  59  4:29  Probe  
  60  4:32  Probe, Assimilator  
  60  4:34  Assimilator  
  60  4:38  Phoenix (Chrono Boost)  
  63  4:41  Probe  
  63  4:43  Probe  
  65  4:48  Forge, Twilight Council  
  65  4:53  Probe x2  
  43  5:00  Phoenix (Chrono Boost)  
  69  5:04  Probe  
  69  5:05  Probe  
  69  5:06  Pylon  
  71  5:15  Resonating Glaives, Probe  
  71  5:18  Probe  
  71  5:21  Phoenix (Chrono Boost)  
  75  5:26  Sentry, Probe  
  75  5:27  Protoss Ground Weapons Level 1 (Chrono Boost)  
  78  5:30  Pylon, Probe  
  79  5:36  Probe  
  79  5:39  Probe  
  79  5:41  Gateway  
  79  5:42  Probe  
  82  5:43  Gateway  
  82  5:46  Gateway, Probe  
  82  5:48  Sentry  
  85  5:50  Adept  
  85  5:56  Pylon, Probe  
  89  5:58  Pylon  
  89  6:01  Robotics Facility  
  88  6:04  Phoenix  
  90  6:13  Probe  
  90  6:15  Probe x2  
  90  6:18  Adept x3  
  99  6:20  Photon Cannon  
  99  6:25  Pylon, Assimilator  
  99  6:26  Assimilator  
  99  6:29  Phoenix  
  101  6:37  Gateway  
  101  6:39  Gateway, Probe  
  101  6:41  Probe  
  101  6:45  Pylon  
  101  6:46  Pylon  
  103  6:54  Phoenix  
  103  6:55  Protoss Ground Armor Level 1 (Chrono Boost)  
  103  6:57  Adept x5  
  103  6:58  Probe  
  116  7:14  Warp Prism (Chrono Boost)  
  118  7:19  Phoenix  
  118  7:20  Adept x2  
  124  7:34  Nexus  
  124  7:39  Adept x4  
  130  7:44  Pylon  
  130  7:49  Pylon  
  130  7:51  Blink, Phoenix  
  129  7:53  Observer (Chrono Boost)  
  130  8:01  Photon Cannon  
  130  8:05  Adept x8  
  146  8:13  Photon Cannon  
  146  8:20  Robotics Bay  
  146  8:22  Immortal (Chrono Boost)  
  146  8:24  Robotics Facility  
  150  8:39  Adept x7  
  162  8:42  Pylon  
  162  8:45  Probe  
  162  8:46  Probe x3  
  166  8:56  Observer (Chrono Boost)  
  166  9:01  Protoss Ground Armor Level 2 (Chrono Boost)  
  166  9:07  Forge  
  164  9:10  Colossus (Chrono Boost)  
  164  9:14  Observer (Chrono Boost)  
  171  9:19  Adept x4  
  177  9:27  Colossus (Chrono Boost)  
  177  9:32  Extended Thermal Lance (Chrono Boost)  
  177  9:37  Adept x3  
  187  9:40  Protoss Ground Weapons Level 2 (Chrono Boost)  
  187  9:43  Pylon  
  179  9:54  Colossus  
  179  9:59  Adept x3  
  185  10:13  Colossus  
  181  10:18  Pylon  
  181  10:19  Pylon  
  179  10:42  Stalker x8, Probe  
  193  10:43  Probe x3  
  197  11:06  Charge  
  197  11:08  Gateway  
  197  11:10  Photon Cannon, Gateway  
  197  11:12  Photon Cannon, Gateway  
  197  11:15  Gateway, Assimilator  
  197  11:18  Templar Archives  
  197  11:25  Protoss Ground Armor Level 3 (Chrono Boost)  
  197  11:26  Nexus  
  197  11:44  Adept x2  
  199  11:55  Protoss Ground Weapons Level 3 (Chrono Boost)  
  178  12:12  Stalker x6  
  166  12:25  Colossus  
  154  12:32  Nexus, Colossus  
  166  12:40  Zealot x8  
  176  12:48  Stalker x2  
  180  13:05  Psionic Storm  
  180  13:07  High Templar  
  180  13:08  High Templar x3  
  180  13:09  Probe x2  
  189  13:19  Pylon  
  179  13:21  Assimilator  
  179  13:25  Assimilator  
  179  13:26  High Templar  
  179  13:27  High Templar, Zealot x4  
  199  13:35  Pylon  
  199  13:41  Protoss Shields Level 1 (Chrono Boost)  
  199  13:43  Photon Cannon  
  199  13:45  Photon Cannon  
  199  13:47  Photon Cannon  
  199  13:54  Stalker x3  
  199  13:55  Stalker x2  
  199  14:13  Dark Shrine  
  199  14:19  Nexus  
  185  14:28  High Templar x2, Zealot x2  
  185  14:29  Zealot x6  
  197  14:53  Pylon  
  197  14:56  Fleet Beacon, High Templar  
  199  15:00  Stargate  
  199  15:02  Photon Cannon  
  199  15:04  Photon Cannon  
  199  15:06  Photon Cannon  
  199  15:09  Photon Cannon  
  199  15:10  Immortal  
  197  15:15  Immortal  
  195  15:31  Archon  
  159  16:00  Dark Templar x2  
  163  16:04  Stalker x9  
  179  16:15  Assimilator  
  183  16:18  Assimilator  
  179  16:25  Dark Templar  
  181  16:35  High Templar  
  183  16:40  Dark Templar x2, Zealot x6  
  199  16:49  Photon Cannon  
  199  16:51  Photon Cannon  
  197  16:59  Archon  
  182  17:13  Photon Cannon  
  180  17:15  Photon Cannon x2  
Show
View Real Time Build Order
Export as new Build Order

SpeCIaL Terran 

Build Orders: Reaper Expand, MMM Bio 

Get SALT Encoding   

  12  0:00  SCV  
  13  0:12  SCV  
  14  0:17  Supply Depot  
  14  0:25  SCV  
  15  0:39  SCV  
  15  0:40  Barracks  
  16  0:43  Refinery  
  16  0:51  SCV  
  17  1:03  SCV  
  18  1:15  SCV  
  19  1:28  Reaper, Orbital Command  
  20  1:40  Command Center  
  20  1:53  SCV  
  21  1:54  Supply Depot  
  21  2:00  Barracks Reactor  
  21  2:05  SCV  
  22  2:17  SCV  
  23  2:24  Command Center  
  23  2:29  SCV  
  24  2:37  Marine x2  
  24  2:41  SCV  
  24  2:43  Barracks  
  27  2:54  SCV, Orbital Command  
  28  2:58  Marine  
  28  2:59  Marine  
  30  3:06  SCV  
  31  3:15  Engineering Bay  
  31  3:16  Marine  
  31  3:17  Marine  
  31  3:18  SCV  
  34  3:20  SCV  
  35  3:30  SCV  
  35  3:31  Barracks Tech Lab  
  35  3:33  SCV  
  37  3:35  Marine x2  
  37  3:41  Orbital Command  
  38  3:42  SCV  
  38  3:43  Factory  
  38  3:45  SCV  
  40  3:50  Marine  
  40  3:54  Missile Turret  
  40  3:55  Marine  
  42  3:56  Stimpack, Marine  
  42  3:59  SCV  
  42  4:00  SCV  
  45  4:07  SCV  
  45  4:08  Barracks  
  46  4:11  SCV  
  46  4:12  SCV  
  46  4:13  Marine  
  46  4:14  Marine  
  46  4:16  Marine  
  51  4:20  SCV  
  51  4:24  SCV x2  
  53  4:25  Supply Depot  
  53  4:27  Terran Infantry Weapons Level 1  
  53  4:28  Refinery  
  54  4:35  Starport  
  54  4:36  SCV x3  
  57  4:39  Refinery, Marine  
  57  4:40  Factory Reactor  
  57  4:42  Marine x2  
  59  4:48  SCV x3  
  59  4:50  Supply Depot  
  62  4:55  Missile Turret  
  62  4:56  Marine  
  63  5:00  SCV x3  
  63  5:01  Barracks Reactor  
  63  5:02  Supply Depot  
  63  5:04  Marine x2  
  68  5:12  SCV  
  68  5:13  SCV  
  69  5:17  Barracks  
  69  5:19  Barracks  
  69  5:23  Refinery, Orbital Command  
  69  5:24  Marine  
  69  5:25  Marine x2  
  69  5:26  Factory Reactor  
  71  5:30  Medivac x2  
  71  5:32  Supply Depot  
  71  5:33  SCV x2  
  77  5:42  Marine x2  
  77  5:43  Marauder  
  77  5:45  SCV x2  
  77  5:49  Marine  
  82  5:54  SCV, Supply Depot  
  84  5:57  SCV x2  
  84  5:58  Combat Shields  
  84  6:00  Marine x2  
  84  6:02  Medivac  
  90  6:04  Marauder  
  89  6:14  Marine x2  
  89  6:15  Barracks Tech Lab x2  
  89  6:17  SCV x3  
  92  6:22  Supply Depot  
  92  6:24  Widow Mine x2  
  96  6:27  Supply Depot, Marine  
  96  6:28  Marine  
  96  6:29  Marauder, SCV  
  96  6:30  Terran Infantry Armor Level 1  
  101  6:34  Missile Turret, SCV  
  101  6:37  Engineering Bay  
  101  6:38  Armory  
  102  6:43  Missile Turret, Marine x2  
  102  6:44  Marauder x2  
  102  6:45  SCV  
  102  6:46  SCV x2  
  110  6:55  Marine  
  110  6:56  Marauder  
  110  6:57  Concussive Shells  
  110  6:58  SCV  
  110  6:59  Marine  
  110  7:01  SCV x2  
  117  7:06  Marauder  
  117  7:08  Marine x2  
  121  7:12  Marauder  
  121  7:13  Marine  
  121  7:14  Medivac  
  125  7:20  Supply Depot  
  125  7:21  Supply Depot  
  125  7:25  Refinery, Supply Depot  
  125  7:29  Terran Infantry Weapons Level 2  
  125  7:30  SCV  
  125  7:31  SCV  
  125  7:32  SCV  
  125  7:33  Widow Mine, Marauder  
  125  7:34  Widow Mine  
  125  7:35  Missile Turret  
  123  7:37  Supply Depot x2  
  123  7:39  Marauder, Marine x3  
  128  7:44  Refinery  
  128  7:45  Medivac  
  128  7:50  Marine  
  133  7:51  Marauder  
  133  7:53  SCV  
  133  7:54  Marine  
  133  7:56  Supply Depot  
  137  7:59  Command Center, Terran Ship Weapons Level 1  
  137  8:01  Marauder  
  137  8:05  Barracks  
  137  8:06  Barracks  
  137  8:08  Marine  
  137  8:09  Missile Turret  
  137  8:12  Marauder, Marine  
  141  8:16  Marine  
  141  8:17  Marauder  
  141  8:19  Missile Turret  
  144  8:24  Marine  
  144  8:25  Marauder  
  144  8:26  Marine  
  146  8:27  Widow Mine x2  
  146  8:30  Marine, Medivac  
  146  8:34  Marauder, Marine  
  151  8:38  Marine  
  153  8:42  Marine  
  153  8:44  Terran Infantry Armor Level 2, Marine  
  153  8:46  Marauder  
  153  8:47  Liberator x2, Marine  
  158  8:52  Marine  
  158  8:53  Supply Depot  
  158  8:55  Marauder  
  161  8:56  Marauder  
  161  9:00  Marine  
  158  9:07  Starport, Marauder  
  158  9:09  Barracks Tech Lab  
  165  9:13  Supply Depot, Marine x2  
  165  9:14  Marine  
  165  9:17  Marauder, Marine  
  170  9:18  Marauder  
  173  9:28  Marauder  
  173  9:29  Marauder  
  173  9:31  Marine x2  
  178  9:36  Marine  
  178  9:38  Marauder, Marine  
  181  9:39  Marauder  
  184  9:47  Viking x2  
  184  9:49  Marauder  
  184  9:51  Marine  
  184  9:52  Marauder  
  185  9:57  Liberator x2  
  175  10:00  Marauder, Marine x2  
  175  10:04  Marauder, Marine x2  
  175  10:06  SCV x2  
  174  10:09  Planetary Fortress  
  174  10:10  Missile Turret, Marauder  
  174  10:13  Marine  
  172  10:14  Marauder  
  172  10:18  Marine  
  176  10:22  Marauder  
  176  10:26  Marine x2  
  176  10:27  Marauder  
  175  10:31  Marine  
  175  10:32  Marauder  
  175  10:35  Marauder, Medivac  
  173  10:37  Medivac  
  173  10:42  Barracks Reactor  
  164  10:43  Marine  
  164  10:44  Marine  
  164  10:45  Marauder  
  164  10:47  Marine  
  164  10:48  Marauder  
  171  10:51  SCV x2  
  171  10:55  SCV  
  174  10:57  Marauder  
  174  11:00  Medivac  
  174  11:03  SCV  
  177  11:04  Medivac  
  177  11:05  Marine  
  177  11:06  Marine x2  
  177  11:07  SCV x2  
  182  11:13  Marine  
  182  11:14  Marauder, Marine  
  182  11:15  Marauder, SCV  
  190  11:18  SCV  
  190  11:19  Refinery, SCV  
  190  11:20  Marine x3  
  194  11:27  Viking  
  194  11:28  Marine  
  199  11:33  Marauder  
  199  11:34  Terran Infantry Weapons Level 3  
  199  11:50  Marine  
  200  12:01  Command Center  
  179  12:10  Marauder  
  179  12:11  Viking  
  179  12:12  Viking  
  179  12:14  Marauder, Marine  
  181  12:15  Marauder  
  181  12:17  Marine  
  181  12:18  Marauder  
  181  12:19  Marine  
  181  12:21  Viking x2  
  171  12:28  Marine  
  153  12:31  Marauder, Marine x2  
  153  12:33  Marine  
  153  12:34  SCV x3  
  153  12:35  Marine  
  153  12:36  Marauder  
  153  12:37  Marauder, Marine  
  144  12:39  Marauder  
  144  12:46  Marine  
  144  12:49  Marine x2  
  144  12:51  Marine  
  145  12:53  Marauder, Marine  
  145  12:54  Marine  
  145  12:57  Marauder  
  129  12:58  Marauder  
  129  13:00  Marauder  
  129  13:04  Marine  
  131  13:07  Marine x2  
  131  13:08  Marine  
  131  13:11  Marine  
  131  13:12  Marine  
  134  13:14  Marauder  
  134  13:18  Marauder  
  134  13:19  Marauder  
  141  13:21  Medivac  
  141  13:22  Marauder, Marine  
  141  13:24  Marine x2  
  141  13:26  Marine  
  149  13:27  Orbital Command  
  149  13:30  SCV x2  
  149  13:33  Medivac  
  153  13:35  Marauder, Medivac  
  153  13:39  Marine x3  
  153  13:40  Marauder  
  153  13:41  Marauder  
  164  13:43  Marauder, Terran Infantry Armor Level 3  
  166  13:49  Marine  
  166  13:52  Marine  
  166  13:53  Marine  
  167  13:57  Marauder  
  167  14:01  Marauder  
  167  14:02  Marauder  
  171  14:03  Marine  
  171  14:05  Marauder  
  171  14:07  Marine  
  171  14:09  Medivac x2  
  179  14:14  Refinery  
  179  14:15  Ghost Academy  
  179  14:18  Marauder  
  179  14:23  Marauder  
  179  14:24  Marauder  
  182  14:29  Refinery, Missile Turret  
  182  14:30  Sensor Tower  
  182  14:37  Viking x2  
  177  14:39  Viking  
  177  14:44  Marine  
  178  14:50  Viking  
  180  14:54  Ghost x2  
  180  14:55  Ghost  
  183  15:07  Command Center, Viking  
  183  15:20  Viking x3  
  181  15:22  Marine  
  162  15:38  Marauder, Marine  
  143  15:48  Marauder, Marine x3  
  143  15:50  Marauder  
  141  15:59  Marauder, Marine  
  145  16:04  SCV x2  
  145  16:06  Marine  
  145  16:08  SCV  
  148  16:16  SCV  
  151  16:19  Marauder  
  140  16:31  Marauder, Marine  
  135  16:33  SCV  
  135  16:34  SCV x2  
  135  16:36  Marauder, Marine  
  136  16:47  Marauder, Marine x3  
  136  16:49  Marine  
  142  16:58  Marine  
  142  16:59  Marauder, Marine  
  136  17:03  Marauder  
Tags
 
Add a new tag
Caveats
  • Supply blocks, unpowered buildings, or Contaminate may cause inaccurate times.
  • Supply counts are checked every 10 seconds.